 Dungeon Crawl Stone Soup version 0.21.0-37-g46506fa (webtiles) character file.

548 Monsterracer the Insei (level 7, -5/43 HPs)
             Began as an Octopode Transmuter on Feb 1, 2018.
             Killed by divine providence
             ... invoked by an orc priest
              (16 damage)
             ... on level 4 of the Dungeon.
             The game lasted 00:05:36 (5308 turns).

Monsterracer the Insei (Octopode Transmuter)        Turns: 5308, Time: 00:05:37

Health: -5/43      AC:  1    Str: 10    XL:     7   Next: 28%
Magic:  10/10      EV: 14    Int: 17    God:
Gold:   234        SH:  0    Dex: 12    Spells: 1/10 levels left

rFire    . . .     SeeInvis .     - Unarmed
rCold    . . .     Gourm    .   (no shield)
rNeg     . . .     Faith    .   (helmet restricted)
rPois    .         Spirit   .   (no amulet)
rElec    .         Reflect  .   i - ring of resist corrosion {!d}
rCorr    +         Harm     .   l - ring of protection from magic {!d}
MR       +....                  (no ring)
Stlth    +++.......             (no ring)
HPRegen  0.14/turn              (no ring)
MPRegen  0.12/turn              (no ring)
                                (no ring)
                                (no ring)

@: no status effects
A: almost no armour, stealthy swim, amphibious, 8 rings, constrict 8, camouflage
1, gelatinous body 1
a: no special abilities


You were on level 4 of the Dungeon.
You were near starving.

You visited 1 branch of the dungeon, and saw 4 of its levels.
You also visited: Sewer.

You collected 234 gold pieces.

Inventory:

Missiles
 a - 86 arrows
 p - 3 throwing nets (quivered)
Jewellery
 i - a ring of resist corrosion (left tentacle) {!d}
 l - a ring of protection from magic (right tentacle) {!d}
Scrolls
 d - a scroll of blinking
 h - a scroll of teleportation
 n - a scroll of remove curse
 o - a scroll of identify
Potions
 f - 2 potions of might
 g - 5 potions of curing
 j - 4 potions of heal wounds
 k - a potion of agility
 m - 3 potions of flight
 q - 4 potions of brilliance
 r - 2 potions of resistance
Books
 e - a book of Minor Magic

   Spells                             Type                      Level
   a - Magic Dart                     Conjuration                  1
   b - Blink                          Translocation                2
   c - Call Imp                       Summoning                    2
   d - Slow                           Hexes                        2
   e - Conjure Flame                  Conjuration/Fire             3
   f - Mephitic Cloud                 Conjuration/Poison/Air       3
Comestibles
 c - 8 rations


   Skills:
 - Level 1.0 Fighting
 + Level 3.8 Dodging
 - Level 4.0 Stealth
 * Level 5.9 Unarmed Combat
 - Level 2.0 Spellcasting
 + Level 3.6 Transmutations


You had one spell level left.
You knew the following spells:

 Your Spells              Type           Power        Failure   Level  Hunger
b - Sticks to Snakes      Tmut           ##......     7%          2    ###....
c - Spider Form           Tmut/Pois      #.........   28%         3    ###....
d - Ice Form              Ice/Tmut       #.......     67%         4    #####..


Dungeon Overview and Level Annotations

Branches:
Dungeon (4/15)
 Temple: D:4-7

Altars:
Trog
Uskayaw
Zin

Shops:
D:4 }


Innate Abilities, Weirdness & Mutations

You cannot wear most types of armour.
You are very stealthy in the water. (Stealth+)
You are amphibious.
You can wear up to eight rings at the same time.
You can use your tentacles to constrict eight enemies at once.
Your skin changes colour to match your surroundings (Stealth+).
Your rubbery body absorbs attacks. (AC +1, EV +1)


Message History

A bullfrog skeleton comes into view.
You regained 7 hp, and now have 21/43 hp.
A bullfrog skeleton is nearby!
A bullfrog skeleton is nearby!
Casting: Ice Form
Confirm with . or Enter, or press ? or * to list all spells.
Okay, then.
The bullfrog skeleton hits you.
* * * LOW HITPOINT WARNING * * *
You take 6 damage, and have 15/43 hp.
You tentacle-slap the bullfrog skeleton.
You grab the bullfrog skeleton.
You tentacle-slap the bullfrog skeleton.
The bullfrog skeleton is lightly damaged.
You constrict the bullfrog skeleton. The bullfrog skeleton hits you.
* * * LOW HITPOINT WARNING * * *
You take 2 damage, and have 13/43 hp.
You tentacle-slap the bullfrog skeleton but do no damage.
The bullfrog skeleton is moderately damaged.
You constrict the bullfrog skeleton.
The bullfrog skeleton barely misses you.
You tentacle-slap the bullfrog skeleton.
You squeeze the bullfrog skeleton.
The bullfrog skeleton is heavily damaged.
You constrict the bullfrog skeleton.
The bullfrog skeleton barely misses you.
The bullfrog skeleton hits you.
* * * LOW HITPOINT WARNING * * *
You take 5 damage, and have 8/43 hp.
You tentacle-slap the bullfrog skeleton.
The bullfrog skeleton is severely damaged.
You constrict the bullfrog skeleton. The bullfrog skeleton hits you.
* * * LOW HITPOINT WARNING * * *
You tentacle-slap the bullfrog skeleton but do no damage.
The bullfrog skeleton is almost destroyed.
You constrict the bullfrog skeleton. The bullfrog skeleton hits you.
* * * LOW HITPOINT WARNING * * *
You take 7 damage, and have 1/43 hp.
You bludgeon the bullfrog skeleton!
You destroy the bullfrog skeleton!
You are feeling very hungry.
You regained 16 hp, and now have 17/43 hp.
Key pressed, stopping explore.
Key pressed, stopping explore.
You are near starving!
You regained 25 hp, and now have 42/43 hp.
Things that are here:
a dagger; a robe
Things that are here:
a dagger; a robe; an orc skeleton
Things that are here:
a dagger; a robe An orc comes into view.
Health restored: 43 An orc is nearby!
An orc is nearby!
An orc is nearby!
An orc is nearby!
An orc and an orc priest come into view.
An orc and an orc wizard come into view.
The orc shouts! x2; The orc priest shouts!
The orc wizard shouts!
You hear a shout! x5
You tentacle-slap the orc. You grab the orc.
The orc is moderately wounded.
You constrict the orc. You barely miss the orc.
Your tentacle-slap misses the orc.
The orc is heavily wounded.
You constrict the orc.
An orc comes into view. It is wielding a dagger.
You tentacle-slap the orc.
You kill the orc!
The orc priest mumbles some strange prayers to Beogh against you.
Beogh smites you!
An orc priest comes into view. It is wielding a dagger.
The orc priest shouts!
You take 10 damage, and have 33/43 hp.
MASSIVE DAMAGE!!
An orc and an orc priest come into view.
The orc priest calls down the wrath of Beogh upon you.
Beogh smites you!
* * * LOW HITPOINT WARNING * * *
The orc priest barely misses you.
The orc wizard points at you and mumbles some strange words.
The magic dart hits you!
* * * LOW HITPOINT WARNING * * *
Things that are here:
a leather armour; an orc corpse You take 23 damage, and have 10/43 hp.
MASSIVE DAMAGE!!
The orc priest moves out of view.
Okay, then.
The orc priest misses you. The orc priest barely misses you.
The orc priest completely misses you.
The orc priest hits you but does no damage.
You tentacle-slap the orc priest. You grab the orc priest.
You squeeze the orc priest.
The orc priest is severely wounded.
You constrict the orc priest.
The orc priest calls down the wrath of Beogh upon you.
Beogh smites you!
You die...

# .# # #o
######### ..
#o #.......#
#.###.
#.#####.#
##..oo ##.##
#)#
#...oo##...#
#)# #ooo@...#
#)#
......###...#
#.# ##.##
##### #.#
#.##### ##
### #.....#
#. ..#
#####.# #.
#.# ## #.#
#.## #.#
##.##.## #...
#.#
##.#..#.##


You could see 2 orc priests, an orc wizard and 3 orcs.

Vanquished Creatures
  Sigmund (D:2)
  A big kobold (Sewer)
  2 hounds (D:4)
  A bullfrog skeleton (D:4)
  2 orc wizards (D:4)
  A hound skeleton (D:4)
  6 adders
  A river rat (D:3)
  An adder skeleton (D:4)
  2 dart slugs
  4 leopard geckos
  7 orcs (D:4)
  7 giant cockroaches
  6 hobgoblins
  19 kobolds
  A quokka (D:3)
  4 ball pythons
  9 bats
  7 frilled lizards
  7 goblins
  8 rats
97 creatures vanquished.

Notes
Turn   | Place    | Note
-------+----------+-------------------------------------------
     0 | D:1      | Monsterracer the Octopode Transmuter began the quest for the Orb.
     0 | D:1      | Reached XP level 1. HP: 13/13 MP: 3/3
   286 | D:1      | Reached XP level 2. HP: 14/18 MP: 5/5
   290 | D:1      | Learned a level 2 spell: Sticks to Snakes
   521 | D:1      | Reached skill level 1 in Stealth
   842 | D:1      | Reached XP level 3. HP: 23/23 MP: 6/6
   922 | D:1      | Learned a level 3 spell: Spider Form
  1037 | D:2      | HP: 10/23 [adder (4)]
  1042 | D:2      | HP: 8/34 [poisoned by an adder]
  1048 | D:2      | HP: 6/34 [poisoned by an adder]
  1054 | D:2      | HP: 5/34 [poisoned by an adder]
  1061 | D:2      | HP: 3/34 [poisoned by an adder]
  1088 | D:2      | HP: 2/23 [giant cockroach (1)]
  1257 | D:2      | Found a glowing silver altar of Zin.
  1413 | D:2      | HP: 10/23 [adder (3)]
  1416 | D:2      | Reached skill level 4 in Unarmed Combat
  1421 | D:2      | HP: 4/23 [poisoned by an adder]
  1895 | D:2      | Noticed Sigmund
  1908 | D:2      | HP: 4/23 [Sigmund/puff of flame (8)]
  1910 | D:2      | Killed Sigmund
  1910 | D:2      | Reached XP level 4. HP: 5/28 MP: 1/7
  1910 | D:2      | Reached XP level 5. HP: 6/33 MP: 1/8
  1951 | D:2      | Found a bloodstained altar of Trog.
  1977 | D:2      | HP: 10/33 [hobgoblin (4)]
  1983 | D:2      | HP: 9/33 [goblin (1)]
  1988 | D:2      | HP: 6/33 [kobold (2)]
  2021 | D:2      | HP: 8/33 [goblin (2)]
  2300 | D:2      | Reached XP level 6. HP: 38/38 MP: 9/9
  2454 | D:3      | Reached skill level 5 in Unarmed Combat
  2476 | D:3      | HP: 19/38 [poisoned by an adder]
  2483 | D:3      | HP: 18/38 [poisoned by an adder]
  2485 | D:3      | Found a glowing drain.
  2492 | D:3      | HP: 17/38 [poisoned by an adder]
  2602 | Sewer    | Entered a sewer
  2955 | Sewer    | HP: 17/38 [kobold/dagger (3)]
  2960 | Sewer    | HP: 10/38 [kobold/dagger (3)]
  3231 | Sewer    | HP: 18/38 [kobold/club (5)]
  3236 | Sewer    | HP: 8/38 [big kobold (3)]
  3593 | D:3      | Found a hide-covered altar of Uskayaw.
  4102 | D:4      | HP: 18/38 [orc/trident (8)]
  4594 | D:4      | Reached XP level 7. HP: 27/43 MP: 10/10
  4603 | D:4      | Learned a level 4 spell: Ice Form
  4759 | D:4      | Found Wukkidayt's Gadget Emporium.
  4862 | D:4      | HP: 18/43 [orc wizard/magic dart (4)]
  4868 | D:4      | HP: 13/43 [something (3)]
  4875 | D:4      | HP: 6/43 [something (5)]
  4980 | D:4      | HP: 15/43 [bullfrog skeleton (6)]
  4984 | D:4      | HP: 6/43 [bullfrog skeleton (3)]
  4985 | D:4      | HP: 1/43 [bullfrog skeleton (5)]
  5302 | D:4      | HP: 16/43 [orc priest/divine providence (17)]
  5308 | D:4      | Killed from afar by an orc priest

Skill      XL: |  1  2  3  4  5  6 |
---------------+-------------------+-----
Stealth        | 1 3 4 |  4.0
Unarmed Combat | 4 5 |  5.9
Dodging        | 3 |  3.8
Transmutations | 3 |  3.6
Fighting       | |  1.0
Spellcasting   | |  2.0

Action                   |  1- 3 |  4- 6 |  7- 9 || total
-------------------------+-------+-------+-------++-------
Melee: Unarmed           |    82 |   139 |    33 ||   254
       Constrict         |    21 |    30 |     6 ||    57
       Tentacles         |    13 |    14 |     4 ||    31
       Punch             |     2 |     4 |     1 ||     7
 Cast: Spider Form       |     1 |     1 |       ||     2
       Beastly Appendage |     1 |       |       ||     1
  Use: Potion            |     4 |       |       ||     4
       Scroll            |       |    10 |     1 ||    11
 Stab: Sleeping          |     8 |    12 |       ||    20
  Eat: Chunk             |     3 |     9 |     1 ||    13
Armor: Skin              |     9 |    10 |     2 ||    21
Dodge: Dodged            |    39 |   107 |    12 ||   158

Vault maps used:
D:1:      eino_arrival_cavern_c, dk_noncrumbling_3
D:2:      lemuel_coloured_pillars_altar, trog_hazing_becter, uniq_sigmund
D:3:      lemuel_crystal_altar, portal_sewer_entry_a, first_ration,
          minmay_misc_feat_plants
D:4:      serial_shops, shop
Sewer:    kennysheep_pipe_town
